 Dungeon Crawl Stone Soup version 0.29-a0-352-g0917bc69df (webtiles) character file.

Game seed: 7053237070164623833

20 spaghetti the Ducker (level 3, 0/30 HPs)
             Began as a Djinni Berserker on Apr 24, 2022.
             Was a Follower of Trog.
             Slain by a goblin
             ... wielding a +0 club
              (4 damage)
             ... on level 1 of the Dungeon.
             The game lasted 00:01:32 (793 turns).

spaghetti the Ducker (Djinni Berserker)              Turns: 793, Time: 00:01:32

Health: 0/30       AC:  2    Str: 16    XL:     3   Next: 0%
Gold:   49         EV: 13    Int:  8    God:    Trog [*.....] SH:  0 Dex: 14

rFire   + + .      SeeInvis .   a - +0 falchion {long}
rCold   x . .      Faith    .   (no shield)
rNeg    . . .      Spirit   .   b - +0 animal skin
rPois   ∞          Reflect  .   (no helmet)
rElec   .          Harm     .   (no cloak)
rCorr   .          Rampage  .   (no gloves)
Will    .....                   (boots unavailable)
Stlth   +.........              (no amulet)
HPRegen 0.10/turn               (no ring)
MPRegen 0.00/turn               (no ring)

@: flying
A: sickness immunity, fire resistance 2, cold vulnerability 1, float, innate
caster, HP casting, extra vitality 1
a: Renounce Religion, Berserk


You were on level 1 of the Dungeon.
You worshipped Trog.
Trog was aware of your devotion.
You visited 1 branch of the dungeon, and saw 2 of its levels.

You collected 49 gold pieces.


Innate Abilities, Weirdness & Mutations

You are immune to sickness and miasma.
You are immune to poison.
Your flesh is very heat resistant. (rF++)
You are vulnerable to cold. (rC-)
You float through the air rather than walking.
You learn spells naturally, not from books.
Your magical power is your life essence.
You have superior vitality. (+4 MHP)


   Skills:
 - Level 3.0 Fighting
 - Level 2.6 Long Blades
 - Level 2.0 Armour
 + Level 3.6 Dodging


You had one spell level left.
You knew the following spells:

 Your Spells              Type           Power      Damage    Failure   Level
a - Slow                  Hex            0%         N/A       41%         1
Your spell library was empty.

Inventory:

Hand Weapons
 a - a +0 falchion (weapon) {long}
 c - a +0 dagger of speed {short}
   (You took it off a goblin on level 1 of the Dungeon)
Missiles
 d - 59 stones (quivered) {throwing}
Armour
 b - a +0 animal skin (worn)
Jewellery
 f - an amulet of regeneration {@e2}
   (You found it on level 1 of the Dungeon)
Scrolls
 e - a scroll of fog {unknown}

Dungeon Overview and Level Annotations

Branches:
Dungeon (2/15)

Altars:

Shops:
D:1

* ...
##.#..##..#.#....#
#.#..## .
#.#..##..#.#....#
#...## #
.(#..##..#.#....###.#.#
#
###........+.....######
#........#.....########
####.....#............#
#.....#............#
#.....#............#
#...g@#............#
#####.####.........#
#.# #....###### #.#
#....# #.# #!...# #.#
##+### #.. ###


You could see a goblin.


Message History

😕 HP[-3]
You take 3 damage, and now have 22/25 hp.
You are too injured to fight recklessly!
You are too injured to fight recklessly!
You are too injured to fight recklessly!
You are too injured to fight recklessly!
You are too injured to fight recklessly!
You are too injured to fight recklessly!
You are too injured to fight recklessly!
You are too injured to fight recklessly!
You are too injured to fight recklessly!
You are too injured to fight recklessly!
You are too injured to fight recklessly!
You are too injured to fight recklessly!
You are too injured to fight recklessly!
You are too injured to fight recklessly!
You are too injured to fight recklessly!
You are too injured to fight recklessly!
You closely miss the kobold.
The kobold hits you with a +0 short sword. 😮 HP[-5]
You take 5 damage, and now have 17/25 hp.
You closely miss the kobold.
The kobold hits you with a +0 short sword. 😮 HP[-4]
You take 4 damage, and now have 13/25 hp.
You closely miss the kobold. The kobold hits you but does no damage.
The hobgoblin hits you.
* * * LOW HITPOINT WARNING * * *
The kobold hits you with a +0 short sword.
* * * LOW HITPOINT WARNING * * *
😨 HP[-6]
You take 6 damage, and now have 7/25 hp.
MASSIVE DAMAGE!! (PAUSE) Unknown command.
The hobgoblin attacks as you move away! The hobgoblin hits you.
* * * LOW HITPOINT WARNING * * *
😱 HP[-2]
You take 2 damage, and now have 5/25 hp.
You hit the hobgoblin. The hobgoblin hits you.
* * * LOW HITPOINT WARNING * * *
You barely miss the hobgoblin. The hobgoblin hits you.
* * * LOW HITPOINT WARNING * * *
😱 HP[-2]
You take 2 damage, and now have 3/25 hp.
You hit the hobgoblin.
You kill the hobgoblin!
Trog accepts your kill.
You aren't carrying any potions.
You hit the kobold. The kobold hits you but does no damage.
You hit the kobold.
You kill the kobold!
Trog accepts your kill.
You closely miss the goblin. The goblin closely misses you. x2
You slash the goblin!
You kill the goblin!
Trog accepts your kill.
You have reached level 3!
Your experience leads to an increase in your attributes!
Increase (S)trength, (I)ntelligence, or (D)exterity?
You feel agile. x2
The power to cast Slow wells up from within.
Spell assigned to 'a'. 😱 HP[+1]
You now have 30 max hp (+5).
Unknown command.
d - 59 stones {throwing} (gained 2)
Items here: )) ††.
You start resting.
A goblin comes into view. It is wielding a +0 club. 😱 HP[+1]
The goblin shouts!
You start resting.
A goblin is nearby! 😱 HP[+1]
There is a stone staircase leading down here.
You fly downwards.
The hobgoblin shouts!
There is a stone staircase leading up here. 😱 HP[+1]
A hobgoblin is nearby!
A hobgoblin is nearby!
A goblin comes into view. It is wielding a +2 dagger of venom.
The goblin shouts!
The goblin unwields a +2 dagger of venom.
It stops dripping with poison.
The goblin wields a +0 hunting sling.
The goblin shoots a sling bullet.
The sling bullet barely misses you.
A quokka comes into view.
There is a stone staircase leading up here.
You fly upwards.
The goblin hits you with a +0 club.
* * * LOW HITPOINT WARNING * * *
There is a stone staircase leading down here. 😱 HP[-3]
You take 3 damage, and now have 4/30 hp.
You miss the goblin. The goblin barely misses you.
You hit the goblin but do no damage. The goblin barely misses you.
The goblin hits you with a +0 club.
* * * LOW HITPOINT WARNING * * *
You miss the goblin. The goblin hits you with a +0 club.
You die...

Skill      XL: |  1  2 |
---------------+-------+-----
Dodging        | 3 |  3.6
Fighting       | |  3.0
Long Blades    | |  2.6
Armour         | |  2.0

Action                   || total
-------------------------++-------
Melee: Falchion          ||    51
Invok: Berserk           ||     1
Armor: Animal skin       ||     7
Dodge: Dodged            ||    25

Levels and vault maps discovered:
D:1:      lemuel_arrival_tunnels, layout_basic, serial_shops, shop
D:2:      cheibrodos_old_hovel, layout_rooms, shapermc_ecumenical_altar_pompeii

Notes
Turn   | Place    | Note
-------+----------+-------------------------------------------
     0 | D:1      | spaghetti the Djinni Berserker began the quest for the Orb.
     0 | D:1      | Reached XP level 1. HP: 20/20 MP: 0/0
     0 | D:1      | magus.rc [v1.9.6]
   303 | D:1      | Found Oprah's General Store.
   318 | D:1      | Reached XP level 2. HP: 17/25 MP: 0/0
   319 | D:1      | Reached skill level 3 in Dodging
   747 | D:1      | HP: 5/25 [hobgoblin (2)]
   756 | D:1      | Reached XP level 3. HP: 4/30 MP: 0/0
   756 | D:1      | Learned a level 1 spell: Slow
   790 | D:1      | HP: 4/30 [goblin/+0 club (3)]
   793 | D:1      | Slain by a goblin

Vanquished Creatures
  A dart slug (D:1)
  3 endoplasms (D:1)
  4 goblins (D:1)
  A hobgoblin (D:1)
  2 bats (D:1)
  2 frilled lizards (D:1)
  3 kobolds (D:1)
  2 rats (D:1)
18 creatures vanquished.

Table legend:
 A = Non-vault XP
 B = Vault XP
 C = Vault XP percentage of total XP
 D = Non-vault monster count
 E = Vault monster count
 F = Vault count percentage of total count
                 A         B        C        D         E       F
            +---------+---------+-------+---------+---------+-------
      Total |      29 |       0 |   0.0 |      18 |       0 |   0.0
            +---------+---------+-------+---------+---------+-------
        D:1 |      29 |       0 |   0.0 |      18 |       0 |   0.0
            +---------+---------+-------+---------+---------+-------

Illustrated notes

Table legend:
 A = Kills in this place as a percentage of kills in entire the game.
 B = Kills by you in this place as a percentage of kills by you in the entire game.
 C = Kills by friends in this place as a percentage of kills by friends in the entire game.
 D = Other kills in this place as a percentage of other kills in the entire game.
 E = Experience gained in this place as a percentage of experience gained in the entire game.
 F = Experience gained in this place divided by the number of levels of this place that you have seen.
                   A       B       C       D       E      F
               +-------+-------+-------+-------+-------+----------------------
         Total | 100.0 | 100.0 |   N/A |   N/A | 100.0 |  14.5
       Dungeon | 100.0 | 100.0 |   N/A |   N/A | 100.0 |  14.5
               +-------+-------+-------+-------+-------+----------------------

Table legend: (Time is in decaauts)
 A = Elapsed time spent in this place.
 B = Non-inter-level travel time spent in this place.
 C = Inter-level travel time spent in this place.
 D = Time resting spent in this place.
 E = Time spent auto-exploring this place.
 F = Levels seen in this place.
 G = Mean time per level.
                   A        B        C        D        E       F      G
               +--------+--------+--------+--------+--------+-----+--------+
         Total |    815 |    815 |      0 |    412 |    279 |   2 |  407.5 |
       Dungeon |    815 |    815 |      0 |    412 |    279 |   2 |  407.5 |
               +--------+--------+--------+--------+--------+-----+--------+

Top non-repeatable levels by time:
     D:1: 810 daAuts
     D:2: 5 daAuts
